 Dungeon Crawl Stone Soup version 0.26-a0-812-g31a745ddcd (webtiles) character file.

Game seed: 14771359323697571955

261320 EnegeticOcto the Imperceptible (level 20, 0/196 HPs)
             Began as a Kobold Brigand on Nov 14, 2020.
             Was the Champion of Wu Jian.
             Slain by a lich (19 damage)
             ... while paralysed by you
             ... on level 3 of the Abyss.
             The game lasted 01:08:00 (42737 turns).

EnegeticOcto the Imperceptible (Kobold Brigand)    Turns: 42737, Time: 01:08:00

Health: 0/196      AC: 27    Str: 11    XL:     20   Next: 77%
Magic:  0/20       EV:  3    Int: 19    God:    Wu Jian [******]
Gold:   2675       SH:  0    Dex: 26    Spells: 18/19 levels left

rFire    + . .     SeeInvis .   H - +9 rapier (flame)
rCold    + . .     Faith    .   c - +3 buckler {AC+3}
rNeg     . . .     Spirit   +   o - +2 robe {rC+ rF+}
rPois    +         Reflect  .   I - +2 helmet
rElec    .         Harm     .   Z - +2 cloak {MR+}
rCorr    .         Rampage  .   w - +2 pair of gloves
MR       ++...                  p - +2 pair of boots
Stlth    ..........             g - amulet of guardian spirit
HPRegen  0.42/turn              E - ring of Descent {AC+4 Int+6, =R}
MPRegen  0.17/turn              U - ring of Nuixt {rPois Dex+4}

@: paralysed, agile, berserking (expiring), lethally poisoned (0 -> -1), very
slightly contaminated, invisible
A: small, thin metallic scales 1, mutation resistance 1, nightstalker 3, shaggy
fur 1, MP-powered wands, sturdy frame 1
}: 2/15 runes: decaying, gossamer
a: Wall Jump, Serpent's Lash, Heavenly Storm, Renounce Religion


You were on level 3 of the Abyss.
You worshipped Wu Jian.
Wu Jian was exalted by your worship.
You visited 7 branches of the dungeon, and saw 36 of its levels.
You visited the Abyss 2 times.

You collected 3868 gold pieces.
You spent 1193 gold pieces at shops.

Inventory:

Hand Weapons
 D - the cursed +2 rapier of Accidental Termination {elec, *Noise rElec MR+++ Dex-3}
   (You found it on level 1 of the Abyss)

   Occasionally, upon striking a foe, it will discharge some electrical energy
   and cause terrible harm.
   It affects your dexterity (-3).
   It insulates you from electricity.
   It affects your resistance to hostile enchantments.
   It may make noises in combat.
   It has a curse placed upon it.
 H - a +9 rapier of flaming (weapon)
   (You found it on level 9 of the Dungeon)
Missiles
 t - a throwing net {!f}
 F - a curare-tipped dart (quivered)
Armour
 c - a +3 buckler of protection (worn)
   (You took it off a spriggan on level 1 of the Swamp)
 m - a +3 leather armour
   (You found it on level 4 of the Dungeon)
 o - a +2 robe of resistance (worn)
   (You took it off Erica on level 8 of the Dungeon)
 p - a +2 pair of boots (worn)
   (You found it on level 1 of the Lair of Beasts)
 w - a +2 pair of gloves (worn)
   (You found it on level 3 of the Dungeon)
 I - a +2 helmet (worn)
   (You found it on level 9 of the Dungeon)
 Z - a +2 cloak of magic resistance (worn)
   (You took it off Nikola on level 2 of the Swamp)
Jewellery
 d - an uncursed ring of protection from fire
   (You found it on level 2 of the Abyss)
 g - an amulet of guardian spirit (around neck)
   (You found it on level 6 of the Dungeon)
 E - the ring of Descent (left hand) {AC+4 Int+6, =R}
   (You found it on level 9 of the Dungeon)

   [ring of protection]

   It affects your AC (+4).
   It affects your intelligence (+6).
 J - an uncursed ring of resist corrosion
   (You found it on level 3 of the Lair of Beasts)
 U - the ring of Nuixt (right hand) {rPois Dex+4}
   (You acquired it on level 1 of the Spider Nest)

   [ring of poison resistance]

   It affects your dexterity (+4).
   It protects you from poison.
Wands
 b - a wand of iceblast (2) {@v2}
   (You found it on level 7 of the Dungeon)
 v - a wand of disintegration (7)
   (You found it on level 1 of the Spider Nest)
 y - a wand of flame (78) {@v4}
   (You found it on level 6 of the Dungeon)
 A - a wand of enslavement (28)
   (You found it on level 5 of the Dungeon)
 M - a wand of digging (19) {@v3}
   (You found it on level 4 of the Lair of Beasts)
 N - a wand of paralysis (41)
   (You found it on level 5 of the Lair of Beasts)
 Q - a wand of polymorph (25)
   (You found it on level 5 of the Lair of Beasts)
 Y - a wand of acid (10) {@v1}
   (You found it on level 3 of the Abyss)
Scrolls
 a - 2 scrolls of summoning
 e - 5 scrolls of fog {!r}
 f - 3 scrolls of teleportation {@r3 !r}
 k - 14 scrolls of remove curse {@r2}
 l - 4 scrolls of blinking {@r4}
 C - 3 scrolls of immolation
 L - 2 scrolls of silence
 O - 2 scrolls of fear {!r}
 X - 2 scrolls of magic mapping {@r5 !r}
Potions
 h - a potion of heal wounds {@q2 !q}
 i - 17 potions of curing {@q1 !q}
 j - 6 potions of mutation
 n - 4 potions of lignification {@q6}
 q - 10 potions of ambrosia
 r - 2 potions of berserk rage
 s - 4 potions of flight
 u - a potion of invisibility
 x - 6 potions of might {@q3 !q}
 z - a potion of haste {@q4 !q}
 B - 6 potions of brilliance
 G - 4 potions of cancellation
 K - 3 potions of resistance
 P - a potion of attraction
 R - 2 potions of magic
Miscellaneous
 S - a phantom mirror
   (You found it on level 13 of the Dungeon)
 T - a tin of tremorstones (inert)
   (You found it on level 6 of the Lair of Beasts)
 V - a box of beasts
   (You found it on level 12 of the Dungeon)
 W - a phial of floods
   (You found it on level 6 of the Lair of Beasts)


   Skills:
 + Level 16.0 Fighting
 - Level 14.0 Short Blades
 - Level 2.1 Throwing
 - Level 4.0 Armour
 + Level 17.6 Dodging
 + Level 25.9 Stealth
 - Level 5.6 Shields
 - Level 4.0 Translocations
 - Level 16.0 Evocations


You had 18 spell levels left.
You knew the following spells:

 Your Spells              Type           Power        Failure   Level
a - Apportation           Tloc           ###...       4%          1

Your spell library contained the following spells:

 Spells                   Type           Power        Failure   Level
 Lesser Beckoning         Tloc           ###.......   12%         3
 Animate Skeleton         Necr           #.....       21%         1
 Beastly Appendage        Tmut           #.....       21%         1
 Corona                   Hex            #......      21%         1
 Foxfire                  Conj/Fire      #...         21%         1
 Magic Dart               Conj           #...         21%         1
 Shock                    Conj/Air       #...         21%         1
 Sting                    Tmut/Pois      #...         21%         1
 Summon Small Mammal      Summ           #...         21%         1
 Poisonous Vapours        Pois/Air       #.....       30%         2
 Searing Ray              Conj           #.....       30%         2
 Swiftness                Air            #.......     30%         2
 Wereblood                Tmut           #.......     30%         2
 Conjure Flame            Conj/Fire      #.......     52%         3
 Dazzling Flash           Conj/Hex       #.....       52%         3
 Ignite Poison            Fire/Tmut/Pois #.......     52%         3
 Inner Flame              Hex/Fire       #.......     52%         3
 Mephitic Cloud           Conj/Pois/Air  #.......     52%         3
 Spider Form              Tmut/Pois      #.........   52%         3
 Static Discharge         Conj/Air       #.......     52%         3
 Tukima's Dance           Hex            #.......     52%         3
 Iskenderun's Mystic Bla  Conj/Tloc      #.......     65%         4
 Airstrike                Air            #.........   90%         4
 Animate Dead             Necr           #.........   90%         4
 Fulminant Prism          Conj/Hex       #.........   90%         4
 Ice Form                 Ice/Tmut       #.......     90%         4
 Olgreb's Toxic Radiance  Pois           #.......     90%         4
 Sticky Flame             Conj/Fire      #.......     90%         4
 Alistair's Intoxication  Tmut/Pois      #........    99%         5
 Blade Hands              Tmut           #.........   99%         5
 Borgnjor's Vile Clutch   Necr/Erth      #.........   99%         5
 Fireball                 Conj/Fire      #.........   99%         5
 Lightning Bolt           Conj/Air       #.........   99%         5
 Metabolic Englaciation   Hex/Ice        #.........   99%         5
 Death Channel            Necr           #.........   100%        6
 Freezing Cloud           Conj/Ice/Air   #.........   100%        6
 Invisibility             Hex            #.......     100%        6
 Ozocubu's Refrigeration  Ice            #.........   100%        6
 Simulacrum               Ice/Necr       #.........   100%        6


Dungeon Overview and Level Annotations

Branches:
Dungeon (15/15)            Temple (1/1) D:4            Lair (6/6) D:9
  Swamp (4/4) Lair:3       Spider (4/4) Lair:4        Slime (0/5) Lair:6
    Orc (2/2) D:11            Elf (0/3) Orc:2        Vaults (0/5) D:14
 Depths (4/5) D:15

Altars:
Ashenzari
Cheibriados
Dithmenos
Elyvilon
Fedhas
Gozag
Hepliaklqana
Kikubaaqudgha
Nemelex Xobeh
Okawaru
Qazlal
Ru
Sif Muna
Trog
Uskayaw
Vehumet
Wu Jian
Xom
Yredelemnul
Zin
The Shining One

Shops:
D:5 *   D:7 *   D:11 [   Orc:2 *==!:

Portals:
Abyss: Depths:4
Ziggurat: Depths:3

Annotations:
D:5 2 runed translucent doors
D:15 exclusion: 4 doors
Lair:3 exclusion: 4 oklob plants
Spider:1 2 transporters, exclusion: 2 downstairs
Orc:2 2 runed translucent doors


Innate Abilities, Weirdness & Mutations

You are small and have problems with some larger weapons.
You are completely attuned to the shadows.
You are partially covered in thin metallic scales. (AC +2)
You are somewhat resistant to further mutation.
You are covered in fur. (AC +1)
You expend magic power (3 MP) to strengthen your wands.
Your movements are slightly less encumbered by armour. (ER -2)


Message History

You puncture something! You burn something.
You are engulfed in seething chaos.
The goliath frog is engulfed in seething chaos.
The goliath frog seems to grow stronger.
You block the goliath frog's attack.
You hear some strange, mumbled words.
A lance of force appears from out of thin air!
The lance of force misses you.
A chaos spawn comes into view.
You barely miss something.
You are engulfed in seething chaos.
A red film seems to cover your vision as you go berserk!
You feel yourself moving faster!
You feel mighty!
You feel sick.
The goliath frog changes into a storm dragon!
You block something's attack. Something hits you but does no damage.
You hear some strange, mumbled words.
Something misses you. Something touches you.
You feel drained.
Unknown command.
You are too berserk!
You puncture something! You burn something. The Council accepts your kill.
The green death disappears in a puff of smoke!
The balrug disappears in a puff of smoke!
You feel a bit more experienced.
You are engulfed in seething chaos.
Something closely misses you.
You are engulfed in seething chaos.
You feel sick.
The storm dragon changes into a shadow dragon!
Something hits you!
Something touches you but does no damage.
You see here a glowing shapeshifter corpse.
You spin and attack the shadow dragon.
You puncture the shadow dragon! You burn the shadow dragon.
The shadow dragon is lightly wounded.
You spin and attack the fire crab repeatedly.
You impale the fire crab!!
The fire crab is heavily wounded.
You puncture the fire crab!
The fire crab is heavily wounded.
You are engulfed in seething chaos.
You feel agile all of a sudden. Something closely misses you.
Something touches you! Something completely misses you.
You block the fire crab's attack. The fire crab completely misses you.
You puncture something! You burn something.
You are engulfed in seething chaos.
You fade into invisibility!
You are very lightly contaminated with residual magic.
You feel sick. Something hits you but does no damage.
A lich comes into view.
Something completely misses you.
The shadow dragon is engulfed in seething chaos.
The shadow dragon completely misses you. x2
The shadow dragon closely misses you.
You puncture the fire crab!
The fire crab is almost dead.
Something completely misses you.
A lich comes into view.
A chaos spawn comes into view.
You catch the helpless fire crab completely off-guard!
You skewer the fire crab like a kebab!!!!
You kill the fire crab!
The Council accepts your kill.
Your life force feels restored.
You suddenly lose the ability to move!
Something hits you!
A hell hound comes into view.
Something touches you but does no damage.
The lich gestures at you while chanting.
You easily resist.
Something hits you!
You feel more agile all of a sudden.
You feel sick.
The shadow dragon changes into a sphinx!
Something hits you! Something hits you but does no damage.
The hell hound is engulfed in seething chaos.
The hell hound seems to grow stronger.
The hell hound stops to sniff the ground.
You hear some strange, mumbled words.
A bolt of cold appears from out of thin air!
The bolt of cold hits you! You resist.
The chaos spawn is engulfed in seething chaos.
You feel sick. Something hits you!
* * * LOW HITPOINT WARNING * * *
You hear some strange, mumbled words.
A bolt of cold appears from out of thin air!
The bolt of cold hits you! You resist.
* * * LOW HITPOINT WARNING * * *
The bolt of cold hits the lich!
The lich resists.
The lich mumbles some strange words.
The lich seems to speed up.
Something touches you!
* * * LOW HITPOINT WARNING * * *
The sphinx is engulfed in seething chaos.
The sphinx hits you!
* * * LOW HITPOINT WARNING * * *
The sphinx hits you but does no damage. x2
The chaos spawn is engulfed in seething chaos.
The chaos spawn hits you but does no damage.
Something touches you but does no damage.
The lich is engulfed in seething chaos.
You feel sick.
The sphinx is engulfed in seething chaos.
The sphinx seems to speed up.
The sphinx hits you!
* * * LOW HITPOINT WARNING * * *
The sphinx hits you but does no damage. x2; Something touches you!!
You die...

. .. ...##
.##.≈.
#... . ##
#.## ≈≈≈ .
#### .≈≈≈
##.#.###..
# #. ...
.. # . #
##''#...
###...'...
## #
##{∩..'...
. #
#@4h..##.
##. #
#{4H..##
#)LL..## .
#.....##
..#..##


You could see a sphinx shaped shifter (fast), 2 liches, 2 chaos spawn and a hell
hound (strong).

Vanquished Creatures
  A golden dragon (Depths:4)
  A hellephant (Abyss:2)
  Jorgrun (Swamp:3)
  2 liches (Abyss:3)
  Rupert (D:12)
  A tentacled starspawn (Abyss:2)
  Agnes (D:14)
  A shadow dragon (Depths:4)
  3 ghost moths (Spider:4)
  2 frost giants (Depths:4)
  2 fire giants (Depths:4)
  Aizul (Swamp:1)
  3 emperor scorpions
  Louise (D:14)
  A cacodemon (Abyss:1)
  2 iron dragons (Depths:4)
  A draconian shifter (Abyss:1)
  7 stone giants
  An entropy weaver (Spider:4)
  Azrael (D:12)
  A vampire knight (Depths:4)
  2 spark wasps
  6 bunyips
  An ettin (Depths:4)
  7 eleionomae
  2 merfolk javelineers
  2 fire dragons
  A great orb of eyes (Abyss:3)
  A yaktaur captain (Depths:4)
  Harold (D:8)
  2 rakshasas
  A naga warrior (Abyss:3)
  2 ice dragons
  2 boulder beetles
  7 vault guards (D:14)
  2 ghost crabs (Swamp:4)
  3 centaur warriors
  17 hydras
  6 alligators
  10 two-headed ogres
  4 ogre magi
  Erica (D:8)
  8 death scarabs (Spider:4)
  4 thrashing horrors
  A deep troll earth mage (Depths:3)
  4 spriggan berserkers (D:14)
  3 deep troll shamans
  An orc high priest (Orc:1)
  A sun demon (Abyss:1)
  6 goliath frogs
  5 skeletal warriors (D:14)
  2 glowing orange brains (Depths:4)
  A fire crab (shapeshifter) (Abyss:3)
  A spectral emperor scorpion (Spider:4)
  An unseen horror (D:14)
  A sixfirhy (Abyss:2)
  6 spriggan druids
  4 swamp dragons
  7 deep trolls
  A golden dragon zombie (Abyss:3)
  2 spectral hydras (Swamp:4)
  A wizard (D:15)
  A lindwurm (Lair:6)
  A spectral wolf spider (Spider:4)
  7 bog bodies
  2 wolf spider zombies (Spider:4)
  4 phantasmal warriors
  An orc knight (Orc:2)
  7 cyclopes
  9 orb spiders
  An orc sorcerer (Orc:2)
  16 wolf spiders
  A manticore (D:14)
  4 ugly things
  A will-o-the-wisp (Swamp:1)
  A worldbinder (Abyss:1)
  Joseph (D:8)
  5 moths of wrath
  2 centaur zombies
  4 elephants (Lair:4)
  A naga mage (Abyss:3)
  3 guardian serpents
  An apocalypse crab (Abyss:3)
  10 black mambas
  Psyche (D:12)
  8 torpor snails
  4 orange demons
  2 gargoyles
  19 cane toads
  2 smoke demons
  Maggie (D:7)
  4 swamp worm zombies (Swamp:4)
  A kobold demonologist (D:9)
  2 ice devils (Lair:4)
  A redback zombie (Spider:4)
  3 freezing wraiths
  A spectral redback (Spider:4)
  7 rime drakes
  12 komodo dragons
  3 ancient zymes
  5 yaktaurs (Depths:1)
  4 demonic crawlers
  3 meliai (D:12)
  2 bloated husks (Swamp:1)
  17 trolls
  A queen bee (D:12)
  A silent spectre (Abyss:2)
  4 tyrant leeches
  3 hydra zombies (Swamp:4)
  Grinder (D:6)
  A polar bear (Lair:6)
  8 hornets
  28 jumping spiders
  A spectral jumping spider (Spider:4)
  A tarantella zombie (Spider:4)
  3 alligator zombies (Swamp:4)
  2 meliai zombies
  4 slime creatures (D:14)
  13 raiju
  24 blink frogs
  5 dream sheep (Lair:6)
  A jumping spider zombie (Spider:4)
  5 spriggans
  A vampire (D:13)
  5 flying skulls (Abyss:2)
  2 ynoxinuls
  A spriggan (shapeshifter) (Depths:4)
  A shadow (D:13)
  63 redbacks
  4 wraiths
  14 wyverns
  58 yaks
  11 tarantellas
  A water elemental (Depths:4)
  Grum (D:7)
  3 chaos spawn
  2 fire bats (Abyss:2)
  4 steam dragons
  8 large abominations
  3 fire elementals (D:12)
  3 basilisks (Lair:6)
  2 neqoxecs (Abyss:2)
  5 vampire mosquitoes
  9 swamp worms
  2 wargs
  10 insubstantial wisps (Swamp:4)
  A naga (Abyss:3)
  An acid dragon (Lair:6)
  34 water moccasins
  4 hell hounds
  A floating eye (Depths:4)
  5 swamp drakes
  24 orc warriors
  4 swamp dragon zombies (Swamp:4)
  4 eyes of draining
  2 ice beasts
  5 phantoms
  2 hornet zombies
  7 sky beasts
  3 black bears
  25 ogres
  5 boggarts
  A tengu (Abyss:3)
  35 wolves
  6 centaurs
  11 big kobolds
  21 bullfrogs
  A wyvern skeleton (D:13)
  8 small abominations
  6 scorpions
  26 killer bees
  11 wights
  2 howler monkeys
  6 electric eels
  2 bullfrog zombies
  16 jellies
  4 quasits
  29 orc wizards
  2 gnoll shamans (D:9)
  23 orc priests
  2 bullfrog skeletons
  8 centaur skeletons
  12 hounds
  An iron imp (Abyss:3)
  8 iguanas
  10 worker ants
  3 spectral swamp drakes (Swamp:4)
  Terence (D:2)
  A killer bee zombie (D:6)
  2 hound skeletons
  Robin (D:2)
  14 adders
  16 gnolls
  2 swamp drake zombies (Swamp:4)
  A river rat (D:6)
  6 shadow imps
  4 white imps
  4 ufetubi
  3 oozes
  2 adder skeletons
  An adder zombie (D:8)
  2 worms
  11 dart slugs
  6 leopard geckos
  113 orcs
  2 ball pythons
  4 giant cockroaches
  15 goblins
  4 hobgoblins
  14 jackals
  42 kobolds
  3 quokkas
  6 bats
  15 frilled lizards
  A jackal skeleton (D:6)
  A jackal zombie (D:9)
  7 kobold skeletons (D:9)
  11 kobold zombies (D:9)
  A leopard gecko skeleton (D:6)
  8 rats
  A starspawn tentacle (Abyss:2)
1385 creatures vanquished.

Vanquished Creatures (collateral kills)
  Nikola (Swamp:2)
  Donald (Swamp:2)
  A spark wasp (Spider:4)
  A bunyip (Swamp:2)
  A fire dragon (Depths:4)
  An orb spider (Spider:4)
  A wolf spider zombie (Spider:4)
  2 wolf spiders (Spider:4)
  A spectral redback (Spider:4)
  A redback zombie (Spider:4)
  4 jumping spiders (Spider:4)
  A spectral tarantella (Spider:4)
  2 hornets (Spider:4)
  3 redbacks (Spider:4)
  A tarantella (Spider:4)
  A spectral hornet (Spider:4)
23 creatures vanquished.

Vanquished Creatures (others)
  A lich (Abyss:3)
  2 alligators (Swamp:4)
  A manticore (shapeshifter) (Abyss:3)
  3 bloated husks
  2 spriggans (Swamp:4)
  A chaos spawn (Abyss:3)
  A black bear (shapeshifter) (Depths:4)
  An orc wizard (D:8)
  32 fungi
  A lurking horror (Abyss:1)
  85 plants
  2 starspawn tentacles (Abyss:2)
132 creatures vanquished.

Grand Total: 1540 creatures vanquished

Notes
Turn   | Place    | Note
-------+----------+-------------------------------------------
     0 | D:1      | EnegeticOcto the Kobold Brigand began the quest for the
                  | Orb.
     0 | D:1      | Reached XP level 1. HP: 12/12 MP: 1/1
    40 | D:1      | Reached skill level 3 in Short Blades
    55 | D:1      | Reached XP level 2. HP: 2/18 MP: 2/2
   964 | D:2      | Reached XP level 3. HP: 22/22 MP: 3/3
  1057 | D:2      | Reached skill level 4 in Short Blades
  1062 | D:2      | Reached XP level 4. HP: 18/27 MP: 4/4
  1340 | D:2      | Reached skill level 3 in Fighting
  1373 | D:2      | Reached skill level 6 in Stealth
  1389 | D:2      | Noticed Robin
  1424 | D:2      | Killed Robin
  1719 | D:2      | Reached XP level 5. HP: 32/32 MP: 5/5
  1778 | D:2      | Reached skill level 5 in Short Blades
  1823 | D:2      | Noticed Terence
  1826 | D:2      | Killed Terence
  1918 | D:2      | Found a sacrificial altar of Ru.
  2729 | D:3      | Reached XP level 6. HP: 37/37 MP: 6/6
  2773 | D:3      | Found a faded altar of an unknown god.
  2921 | D:3      | Noticed a sky beast
  2943 | D:3      | Killed a sky beast
  2943 | D:3      | Reached skill level 4 in Fighting
  2943 | D:3      | Reached skill level 6 in Short Blades
  2952 | D:3      | Found an opulent altar of Gozag.
  3027 | D:3      | Reached skill level 7 in Stealth
  3258 | D:4      | Reached XP level 7. HP: 43/43 MP: 7/7
  3317 | D:4      | Reached skill level 7 in Short Blades
  3842 | D:4      | Found a staircase to the Ecumenical Temple.
  3847 | Temple   | Entered the Ecumenical Temple
  3912 | Temple   | Became a worshipper of the Wu Jian Council
  4247 | D:5      | Entered Level 5 of the Dungeon
  4272 | D:5      | Found a stormy altar of Qazlal.
  4589 | D:5      | You fall into a shaft and drop 2 floors!
  5057 | D:6      | Noticed Grinder
  5059 | D:6      | Killed Grinder
  5059 | D:6      | Reached skill level 5 in Fighting
  5059 | D:6      | Reached skill level 8 in Short Blades
  5059 | D:6      | Reached skill level 8 in Stealth
  5059 | D:6      | Reached XP level 8. HP: 49/49 MP: 8/8
  5109 | D:6      | Reached skill level 9 in Short Blades
  5381 | D:6      | Found a hazy altar of Hepliaklqana.
  5578 | D:6      | Reached * piety under Wu Jian
  5578 | D:6      | Reached skill level 9 in Stealth
  5638 | D:6      | Reached skill level 6 in Fighting
  5638 | D:6      | Reached skill level 10 in Short Blades
  5638 | D:6      | Reached XP level 9. HP: 41/55 MP: 6/9
  6526 | D:5      | Found a basalt altar of Yredelemnul.
  6640 | D:5      | Reached skill level 11 in Short Blades
  6704 | D:5      | Found a broken altar of Ashenzari.
  6796 | D:5      | Found Awanube's General Store.
  6804 | D:5      | Bought a wand of disintegration (12) for 176 gold pieces
  6804 | D:5      | Bought a potion of curing for 33 gold pieces
  6857 | D:5      | Found a large runed translucent door.
  6857 | D:5      | Found a large runed translucent door.
  7557 | D:6      | Found a shimmering blue altar of Sif Muna.
  7810 | D:7      | Reached skill level 10 in Stealth
  7811 | D:7      | Reached ** piety under Wu Jian
  7811 | D:7      | Reached skill level 1 in Evocations
  7813 | D:7      | Reached skill level 2 in Dodging
  7831 | D:7      | Noticed Maggie
  7834 | D:7      | Killed Maggie
  7834 | D:7      | Reached skill level 7 in Fighting
  7834 | D:7      | Reached skill level 2 in Evocations
  7870 | D:7      | Reached skill level 3 in Dodging
  7961 | D:7      | Reached XP level 10. HP: 63/63 MP: 10/10
  7981 | D:7      | Reached skill level 3 in Evocations
  8230 | D:7      | Found Zin's Purification Station.
  8232 | D:7      | Found a glowing silver altar of Zin.
  8260 | D:7      | Found an iron altar of Okawaru.
  8722 | D:8      | Noticed Harold
  8725 | D:8      | Noticed Erica
  8785 | D:8      | Noticed Grum
  8796 | D:7      | Reached skill level 4 in Dodging
  8901 | D:7      | Killed Grum
  8901 | D:7      | Reached skill level 11 in Stealth
  8901 | D:7      | Reached skill level 4 in Evocations
  9103 | D:7      | Reached skill level 8 in Fighting
  9462 | D:8      | Reached skill level 5 in Dodging
  9613 | D:8      | Killed Harold
  9613 | D:8      | Reached skill level 5 in Evocations
  9615 | D:8      | Reached *** piety under Wu Jian
  9620 | D:8      | Killed Erica
  9620 | D:8      | Reached skill level 6 in Dodging
  9632 | D:8      | Reached skill level 12 in Stealth
 10044 | D:8      | Reached XP level 11. HP: 65/69 MP: 11/11
 10078 | D:8      | Reached skill level 6 in Evocations
 10081 | D:8      | Noticed Joseph
 10110 | D:8      | Killed Joseph
 10110 | D:8      | Reached skill level 9 in Fighting
 10724 | D:9      | Found a radiant altar of Vehumet.
 10762 | D:9      | Reached **** piety under Wu Jian
 10762 | D:9      | Reached skill level 7 in Dodging
 10799 | D:9      | Reached skill level 7 in Evocations
 11113 | D:9      | Found a snail-covered altar of Cheibriados.
 11348 | D:9      | Noticed a centaur warrior
 11366 | D:9      | Killed a centaur warrior
 11380 | D:9      | Got a flickering ivory ring
 11384 | D:9      | Identified the ring of Descent {AC+4 Int+6} (You found it
                  | on level 9 of the Dungeon)
 11417 | D:9      | Reached skill level 13 in Stealth
 11640 | D:9      | Reached ***** piety under Wu Jian
 11716 | D:9      | Noticed a sixfirhy
 11717 | D:9      | Reached skill level 8 in Dodging
 11854 | D:9      | Found an ancient bone altar of Kikubaaqudgha.
 11964 | D:9      | Reached skill level 10 in Fighting
 11966 | D:9      | Found a shadowy altar of Dithmenos.
 12012 | D:9      | Noticed a two-headed ogre
 12014 | D:9      | Killed a two-headed ogre
 12014 | D:9      | Reached skill level 8 in Evocations
 12439 | D:9      | Found a staircase to the Lair.
 12452 | D:9      | Reached XP level 12. HP: 78/78 MP: 12/12
 12762 | D:10     | Entered Level 10 of the Dungeon
 13624 | Lair:1   | Entered Level 1 of the Lair of Beasts
 13655 | Lair:1   | Reached skill level 9 in Dodging
 13807 | Lair:1   | Reached skill level 1 in Armour
 14130 | Lair:1   | Noticed an eight-headed hydra
 14132 | Lair:1   | Killed an eight-headed hydra
 14132 | Lair:1   | Reached skill level 14 in Stealth
 14132 | Lair:1   | Reached skill level 1 in Shields
 14618 | Lair:2   | Noticed a six-headed hydra
 14619 | Lair:2   | Killed a six-headed hydra
 14619 | Lair:2   | Reached skill level 2 in Armour
 14672 | Lair:2   | Reached skill level 2 in Shields
 14690 | Lair:2   | Reached skill level 12 in Short Blades
 14699 | Lair:2   | Reached skill level 9 in Evocations
 14844 | Lair:2   | Reached XP level 13. HP: 83/83 MP: 13/13
 15193 | Lair:2   | Reached skill level 10 in Dodging
 15266 | Lair:2   | Found a snail-covered altar of Cheibriados.
 15268 | Lair:2   | Reached skill level 3 in Armour
 15317 | Lair:3   | Found a staircase to the Swamp.
 15321 | Lair:3   | Reached skill level 3 in Shields
 15504 | Lair:3   | Noticed a boulder beetle
 15505 | Lair:3   | Killed a boulder beetle
 15722 | Lair:3   | Reached skill level 15 in Stealth
 15956 | Lair:3   | Reached skill level 4 in Armour
 16604 | Lair:4   | Reached skill level 4 in Shields
 16604 | Lair:4   | Reached skill level 10 in Evocations
 16615 | Lair:4   | Noticed a six-headed hydra
 16625 | Lair:4   | Killed a six-headed hydra
 16625 | Lair:4   | Reached skill level 13 in Short Blades
 16664 | Lair:4   | Noticed a five-headed hydra
 16667 | Lair:4   | Killed a five-headed hydra
 16667 | Lair:4   | Reached skill level 11 in Dodging
 17030 | Lair:4   | Reached XP level 14. HP: 87/88 MP: 14/14
 17285 | Lair:4   | Reached skill level 5 in Shields
 17320 | Lair:4   | Found a hole to the Spider Nest.
 17379 | Lair:4   | Reached ****** piety under Wu Jian
 17740 | Lair:5   | Reached skill level 16 in Stealth
 17961 | Lair:5   | Reached skill level 14 in Short Blades
 17961 | Lair:5   | Reached skill level 12 in Dodging
 18562 | Lair:6   | Entered Level 6 of the Lair of Beasts
 18977 | Lair:6   | Found a shimmering altar of Xom.
 19015 | Lair:6   | Reached skill level 17 in Stealth
 19299 | Lair:6   | Reached skill level 18 in Stealth
 19562 | Lair:6   | Found a staircase to the Slime Pits.
 19630 | Lair:6   | Reached XP level 15. HP: 93/93 MP: 15/15
 19696 | Lair:6   | Reached skill level 19 in Stealth
 20909 | D:11     | Reached skill level 20 in Stealth
 20960 | D:11     | You fall into a shaft and drop 3 floors!
 21821 | D:13     | Reached skill level 21 in Stealth
 22334 | D:12     | Noticed Rupert
 22337 | D:12     | Paralysed by Rupert for 5 turns
 22347 | D:12     | Killed Rupert
 22652 | D:12     | Noticed Azrael
 22656 | D:12     | Killed Azrael
 22800 | D:12     | Reached skill level 22 in Stealth
 22934 | D:12     | Noticed Psyche
 22937 | D:12     | Killed Psyche
 22962 | D:12     | Found a white marble altar of Elyvilon.
 23328 | D:12     | Identified the cursed +0 leather armour "Uqoupn" {rN+} (You
                  | found it on level 12 of the Dungeon)
 23435 | D:11     | Found a staircase to the Orcish Mines.
 23673 | D:11     | Found Eleelus's Antique Armour Boutique.
 23873 | Orc:1    | Entered Level 1 of the Orcish Mines
 23947 | Orc:1    | Reached XP level 16. HP: 88/99 MP: 16/16
 24731 | Orc:2    | Entered Level 2 of the Orcish Mines
 24735 | Orc:2    | Found a staircase to the Elven Halls.
 24789 | Orc:2    | Found Soeshu's Book Shop.
 24869 | Orc:2    | Reached skill level 11 in Fighting
 25228 | Orc:2    | Found a large runed translucent door.
 25228 | Orc:2    | Found a large runed translucent door.
 25333 | Orc:2    | Found Myawk's Jewellery Shoppe.
 25356 | Orc:2    | Found Arphil's Distillery.
 25365 | Orc:2    | Found Potux's Jewellery Emporium.
 25371 | Orc:2    | Found Kot Idur's Assorted Antiques.
 25376 | Orc:2    | Bought a scroll of blinking for 232 gold pieces
 25376 | Orc:2    | Bought a wand of paralysis (4) for 62 gold pieces
 25527 | Orc:2    | Reached skill level 11 in Evocations
 26172 | Orc:2    | Bought a potion of cancellation for 120 gold pieces
 26172 | Orc:2    | Bought a potion of heal wounds for 75 gold pieces
 26172 | Orc:2    | Bought a potion of curing for 45 gold pieces
 26172 | Orc:2    | Bought a potion of mutation for 120 gold pieces
 26172 | Orc:2    | Bought a potion of cancellation for 120 gold pieces
 26172 | Orc:2    | Bought 2 potions of might for 120 gold pieces
 26172 | Orc:2    | Bought a potion of attraction for 45 gold pieces
 26172 | Orc:2    | Bought a potion of flight for 45 gold pieces
 26387 | D:14     | Found the +8 Wrath of Trog {antimagic, *Rage}
 26901 | D:14     | Reached skill level 13 in Dodging
 27100 | D:14     | Found a gate to the Vaults.
 27309 | D:14     | Noticed Agnes
 27312 | D:14     | Noticed Louise
 27322 | D:14     | Killed Agnes
 27332 | D:14     | Killed Louise
 27441 | D:14     | Reached skill level 23 in Stealth
 28246 | D:15     | Entered Level 15 of the Dungeon
 28446 | D:15     | Reached skill level 12 in Fighting
 28460 | D:15     | Reached XP level 17. HP: 106/106 MP: 17/17
 28754 | D:15     | Found a staircase to the Depths.
 29604 | Lair:6   | Reached skill level 12 in Evocations
 30037 | Swamp:1  | Entered Level 1 of the Swamp
 30267 | Swamp:4  | Entered Level 4 of the Swamp
 30702 | Swamp:4  | Reached skill level 14 in Dodging
 32446 | Swamp:3  | Reached skill level 13 in Fighting
 32446 | Swamp:3  | Reached skill level 13 in Evocations
 32592 | Swamp:2  | Noticed Nikola
 32602 | Swamp:2  | Killed Nikola
 32608 | Swamp:2  | Noticed Donald
 32617 | Swamp:2  | Killed Donald
 32950 | Swamp:1  | Reached XP level 18. HP: 101/114 MP: 18/18
 33231 | Swamp:1  | Noticed Aizul
 33251 | Swamp:1  | Killed Aizul
 33883 | Swamp:2  | Reached skill level 24 in Stealth
 34449 | Swamp:3  | Identified the cursed +1 scale mail "Quserph" {MR+ SInv}
 34506 | Swamp:3  | Reached skill level 15 in Dodging
 34535 | Swamp:3  | Noticed Jorgrun
 34549 | Swamp:3  | Killed Jorgrun
 35194 | Swamp:4  | Noticed a bone dragon
 35206 | Swamp:4  | Got a decaying rune of Zot
 35361 | Spider:1 | Entered Level 1 of the Spider Nest
 35717 | Spider:2 | Reached skill level 14 in Evocations
 35765 | Spider:1 | Found a transporter.
 35788 | Spider:1 | Found a transporter.
 35789 | Spider:1 | Found the +9 staff of Olgreb {rPois∞}
 35866 | Spider:1 | Reached skill level 14 in Fighting
 36147 | Spider:1 | Identified a scroll of acquirement
 36148 | Spider:1 | Acquired the ring of Nuixt {rPois Dex+4}
 36376 | Spider:4 | Entered Level 4 of the Spider Nest
 36788 | Spider:4 | Reached XP level 19. HP: 100/121 MP: 19/19
 37311 | Spider:4 | Reached skill level 16 in Dodging
 37801 | Spider:4 | Reached skill level 15 in Evocations
 37989 | Spider:4 | Reached skill level 25 in Stealth
 38004 | Spider:4 | Got a gossamer rune of Zot
 38935 | Depths:1 | Entered Level 1 of the Depths
 39215 | Depths:1 | Reached skill level 15 in Fighting
 39318 | Depths:2 | Learned a level 1 spell: Apportation
 39345 | Depths:3 | Found a gateway to a ziggurat.
 39346 | Depths:3 | Reached skill level 1 in Translocations
 39444 | Depths:4 | Reached skill level 2 in Translocations
 39450 | Depths:4 | Noticed a golden dragon
 39464 | Depths:4 | Killed a golden dragon
 39465 | Depths:4 | Reached skill level 3 in Translocations
 39481 | Depths:4 | Reached XP level 20. HP: 45/129 MP: 6/20
 39500 | Depths:4 | Reached skill level 4 in Translocations
 40083 | Depths:4 | Noticed a golden dragon
 40279 | Depths:4 | Found a one-way gate to the infinite horrors of the Abyss.
 40321 | Depths:4 | Voluntarily entered the Abyss.
 40491 | Abyss:1  | Reached skill level 17 in Dodging
 40606 | Abyss:1  | Found a corrupted altar of Lugonu.
 40792 | Abyss:2  | Found a corrupted altar of Lugonu.
 41247 | Abyss:2  | Reached skill level 16 in Evocations
 41359 | Abyss:2  | Noticed a bone dragon
 41485 | Abyss:2  | Noticed a hellephant
 41491 | Abyss:2  | Gained mutation: Scrolls take you a little longer to read.
                  | [a neqoxec]
 41521 | Abyss:2  | Killed a hellephant
 41530 | Depths:4 | Escaped the Abyss
 41639 | Depths:4 | Voluntarily entered the Abyss.
 41647 | Abyss:1  | Identified the cursed +2 rapier of Accidental Termination
                  | {elec, *Noise rElec MR+++ Dex-3} (You found it on level 1
                  | of the Abyss)
 41689 | Abyss:1  | Identified the +3 hand crossbow of the Final Decision
                  | {elec, +Fly rF+ rC- rN+} (You found it on level 1 of the
                  | Abyss)
 41818 | Abyss:1  | Gained mutation: Your movements are slightly less
                  | encumbered by armour. (ER -2) [a cacodemon]
 41827 | Abyss:1  | Gained mutation: Armour fits poorly on your strangely
                  | shaped body. [a cacodemon]
 41840 | Abyss:1  | Gained mutation: Potions are less effective at restoring
                  | your health. [a cacodemon]
 41842 | Abyss:1  | Gained mutation: Scrolls take you longer to read. [a
                  | cacodemon]
 41848 | Abyss:1  | Lost mutation: Scrolls take you longer to read. [potion of
                  | mutation]
 41848 | Abyss:1  | Lost mutation: Scrolls take you a little longer to read.
                  | [potion of mutation]
 41848 | Abyss:1  | Lost mutation: Potions are less effective at restoring your
                  | health. [potion of mutation]
 41848 | Abyss:1  | Lost mutation: Armour fits poorly on your strangely shaped
                  | body. [potion of mutation]
 41848 | Abyss:1  | Gained mutation: You are covered in fur. (AC +1) [potion of
                  | mutation]
 41848 | Abyss:1  | Gained mutation: You are partially covered in thin metallic
                  | scales. (AC +2) [potion of mutation]
 41848 | Abyss:1  | Gained mutation: You expend magic power (3 MP) to
                  | strengthen your wands. [potion of mutation]
 41848 | Abyss:1  | Gained mutation: You are somewhat resistant to further
                  | mutation. [potion of mutation]
 41984 | Abyss:1  | Noticed a lich
 42046 | Abyss:2  | Identified the +7 war axe "Qegewk" {freeze, MP+9 Int+2}
                  | (You found it on level 2 of the Abyss)
 42433 | Abyss:3  | Paralysed by a great orb of eyes for 6 turns
 42724 | Abyss:3  | Reached skill level 16 in Fighting
 42732 | Abyss:3  | Noticed a lich
 42733 | Abyss:3  | Paralysed by you for 6 turns
 42737 | Abyss:3  | Slain by a lich

Illustrated notes

Levels and vault maps discovered:
D:1:      wander_arrival_desolate, layout_loops_ring
D:2:      layout_loops_ring, nicolae_ru_the_path_less_chosen,
          minmay_lizard_pond, uniq_robin, uniq_terence
D:3:      layout_rooms, chequers_ecumenical_altar_simple_redux,
          nicolae_gozag_seed_capital
D:4:      layout_basic, minmay_temple_entry_nine_rooms, grunt_ministairs_12,
          minivault_5, kennysheep_cross_room
D:5:      layout_basic, ashenzari_altar_1, overflow_temple_1_default,
          nicolae_qazlal_eye_of_the_storm, serial_shops, nicolae_shop_crystal,
          ebering_ghost_disaster_area, serial_bayou_pond_c, minivault_25
D:6:      layout_basic, led_sif_pool, kennysheep_mini_moat,
          portal_sewer_entry_e, uniq_grinder
D:7:      kennysheep_slugbush, layout_loops_ring, okawaru_trees_1, zin_purify,
          uniq_maggie
D:8:      layout_basic, hex_tiny, uniq_erica, uniq_grum, uniq_harold,
          uniq_joseph
D:9:      wander_kiku_kobolds, layout_loops_corners, cheibriados_altar_1,
          nicolae_overflow_hidden_temple, david_lair_shrubbed, basic_altar,
          minmay_evil_grid
D:10:     layout_loops_ring
D:11:     layout_irregular_city, orc_0_dummy, serial_shops, shop
D:12:     layout_roguey [special_room_bee], grunt_decor_one_mirror,
          kennysheep_flooded_box, uniq_psyche, uniq_azrael, uniq_rupert
D:13:     layout_loops_ring, serial_aquarium, aquarium_bridge_square
          [aquarium_subvault_bridge, aquarium_subvault_balcony,
          aquarium_subvault_window, aquarium_subvault_wall], aquarium_window_3,
          aquarium_window_fake, aquarium_window_1, aquarium_view_2d,
          aquarium_view_2c
D:14:     layout_loops_ring, erik_vaults_2, minmay_guarded_unrand_wrath_of_trog,
          uniq_louise, uniq_agnes
D:15:     hangedman_slaughterboxes, serial_shops, uniq_nessos
Temple:   nicolae_temple_x_marks_the_god
Lair:1:   layout_regular_city
Lair:2:   layout_hall_layers, kennysheep_snail_temple
Lair:3:   layout_regular_city, skrybe_swamp_entry_bodies,
          minmay_lair_oklob_chamber
Lair:4:   layout_hall_layers, spider_nest_entry_webs,
          portal_ice_cave_demonic_guard, serial_bayou_pond_c, st_stairs_4,
          grunt_megastairs_5
Lair:5:   layout_roguey, grunt_megastairs_1, infiniplex_staircase_pool_2
Lair:6:   hangedman_lair_tendril_chambers, layout_regular_city,
          guppyfry_lair_end_dragon, minmay_slime_entry_jelly_boxes, basic_altar,
          small_statue_intersection, minivault_26, serial_bayou_ford_a
Swamp:1:  layout_basic_swamp, nicolae_swamp_very_dense_foliage,
          hangedman_swamp_diagram, swamp_pool3, uniq_aizul
Swamp:2:  layout_basic_swamp, hangedman_swamp_blocks, swamp_pool5, uniq_nikola,
          uniq_donald
Swamp:3:  layout_basic_swamp, evilmike_swamp_ruin_house_5, uniq_jorgrun
Swamp:4:  swamp_pestilence, layout_basic_swamp
Spider:1: gammafunk_sealed_arena, worms_lemuel
Spider:2: layout_spider_delve, nicolae_spider_cling_halls,
          nicolae_spider_cling_ruins, uniq_frances, uniq_arachne
Spider:3: layout_spider_delve, drop_trap
Spider:4: floodkiller_spider_rune_tomb
Orc:1:    layout_caves
Orc:2:    st_orc_open, layout_caves, ebering_ghost_disaster_area, serial_shops,
          shop, nicolae_orc_sculptors_studio
Depths:1: layout_gridlike, hangedman_abyss_or_decor_slice,
          biasface_ghost_demon_polymorph, lightli_too_deep,
          nicolae_water_bricks, chequers_serial_rivers_small_a,
          kilobyte_mutagenic_chamber, minmay_shop_star
Depths:2: evilmike_hourglass, layout_basic, grunt_hell_entry_dis_mu,
          wad_floor_pattern_untrapped, abyss_entry, statue_in_the_mist_lemuel,
          minmay_staircase_bubble
Depths:3: minmay_broken_ring, layout_honeycomb, enter_ziggurat_c, serial_glass,
          glass_columns_a, glass_columns_b, due_unseen_surprise,
          item_on_display_a, hell_entry, rand_demon_pan_entry_1,
          infiniplex_staircase_spiral_double
Depths:4: hangedman_cross_stitches, layout_gridlike, abyss_entry,
          hangedman_decor_points, hellmouth_1, serial_shops, shop,
          grunt_pan_entry_sceptre, eino_tiny_chamber,
          minmay_misc_feat_secret_circle, serial_bayou_pond_c,
          minmay_staircase_windowed_small
Abyss:3:  base: Depths:1, nicolae_abyss_rune_left_handed, hangedman_eye_storm,
          hangedman_eye_storm, hangedman_illusive_loot,
          due_evilmike_abyss_rune_seething_liches, minivault_25_ag,
          hangedman_abyss_rune_flesh_and_stone,
          hangedman_abyss_or_decor_stagger, hangedman_decor_lopped,
          nicolae_abyss_rune_left_handed, hangedman_decor_lopped,
          evilmike_abyss_exit_kraken, evilmike_abyss_rune_ettins,
          due_evilmike_abyss_rune_seething_liches,
          due_evilmike_abyss_rune_seething_liches, bh_abyss_exit_spiral,
          hangedman_abyss_or_decor_jellyfish_corner

Skill      XL: |  1  2  3  4  5  6  7  8  9 10 11 12 13 14 15 16 17 18 19 20 |
---------------+-------------------------------------------------------------+-----
Short Blades   | 3 4 5 6 8 10 11 12 13 14 | 14.0
Fighting       | 3 4 5 6 7 8 10 12 13 14 15 16 | 16.0
Stealth        | 6 7 8 9 10 12 13 14 15 18 22 23 24 25 | 25.9
Evocations     | 2 5 8 9 10 11 13 14 15 16 | 16.0
Dodging        | 3 6 8 9 11 12 13 14 15 16 17 | 17.6
Armour         | 2 4 |  4.0
Shields        | 2 4 5 |  5.6
Translocations | 3 4 |  4.0
Throwing       | |  2.1

Action                   |  1- 3 |  4- 6 |  7- 9 | 10-12 | 13-15 | 16-18 | 19-21 || total
-------------------------+-------+-------+-------+-------+-------+-------+-------++-------
Melee: Dagger            |    52 |   200 |   438 |   755 |       |       |       ||  1445
       Unarmed           |     9 |       |    44 |       |       |       |       ||    53
       Rapier            |       |       |       |   215 |  1070 |  2144 |  1394 ||  4823
Throw: Dart              |       |    19 |    11 |    18 |     4 |    15 |     1 ||    68
 Cast: Apportation       |       |       |       |       |       |       |     3 ||     3
Invok: Lunge             |       |       |    29 |    94 |   112 |   127 |    70 ||   432
       Whirlwind         |       |       |     2 |    84 |   109 |   357 |   320 ||   872
       Serpent's Lash    |       |       |       |     8 |    21 |    45 |    20 ||    94
 Abil: Wall Jump         |       |       |       |       |       |       |     1 ||     1
Evoke: Wand              |       |       |     4 |    16 |     2 |    26 |    27 ||    75
       Tin of tremorston |       |       |       |       |     2 |     2 |     4 ||     8
       Phantom mirror    |       |       |       |       |     1 |     4 |     2 ||     7
       Box of beasts     |       |       |       |       |       |     3 |     2 ||     5
       Phial of floods   |       |       |       |       |       |     2 |     1 ||     3
  Use: Potion            |     1 |       |     2 |     1 |       |     3 |     9 ||    16
       Scroll            |       |    12 |     8 |    10 |    13 |     9 |    12 ||    64
 Stab: Sleeping          |    15 |    29 |    39 |    64 |   124 |    39 |    18 ||   328
       Distracted        |       |     1 |     3 |     9 |    22 |    27 |    22 ||    84
       Paralysed         |       |       |       |       |     1 |     5 |     2 ||     8
       Invisible         |       |       |       |       |       |       |    11 ||    11
Armor: Robe              |    12 |    14 |       |       |       |       |    97 ||   123
       Skin              |     4 |       |    54 |       |       |       |       ||    58
       Scale mail        |       |    45 |   113 |       |       |       |       ||   158
       Leather armour    |       |       |    12 |   128 |   108 |   217 |    96 ||   561
Dodge: Dodged            |    32 |    75 |   172 |   413 |   519 |  1059 |   946 ||  3216
Block: Buckler           |       |       |       |    21 |   200 |   424 |   439 ||  1084

Table legend: (Time is in decaauts)
 A = Elapsed time spent in this place.
 B = Non-inter-level travel time spent in this place.
 C = Inter-level travel time spent in this place.
 D = Time resting spent in this place.
 E = Time spent auto-exploring this place.
 F = Levels seen in this place.
 G = Mean time per level.
                   A        B        C        D        E       F      G
               +--------+--------+--------+--------+--------+-----+--------+
         Total |  41364 |  38055 |   3309 |   2956 |  26744 |  41 | 1008.9 |
       Dungeon |  20145 |  18153 |   1992 |    895 |  14294 |  15 | 1343.0 |
        Temple |     72 |     66 |      6 |      0 |     62 |   1 |   72.0 |
          Lair |   7612 |   6930 |    682 |    333 |   5455 |   6 | 1268.7 |
         Swamp |   5373 |   5047 |    326 |    636 |   3208 |   4 | 1343.2 |
   Spider Nest |   2561 |   2386 |    175 |    380 |   1331 |   4 |  640.2 |
  Orcish Mines |   2054 |   1966 |     88 |     34 |   1500 |   2 | 1027.0 |
        Depths |   1448 |   1411 |     37 |    613 |    251 |   4 |  362.0 |
         Abyss |   2094 |   2094 |      0 |     65 |    641 |   5 |  418.8 |
               +--------+--------+--------+--------+--------+-----+--------+

Top non-repeatable levels by time:
     D:9: 2340 daAuts
 Swamp:4: 2120 daAuts
    D:14: 2097 daAuts
  Lair:6: 1863 daAuts
     D:7: 1692 daAuts
Spider:4: 1645 daAuts
     D:6: 1613 daAuts
    D:12: 1498 daAuts
   Orc:2: 1412 daAuts
     D:8: 1410 daAuts
     D:5: 1389 daAuts
  Lair:3: 1372 daAuts
  Lair:5: 1371 daAuts
     D:2: 1349 daAuts
 Swamp:1: 1326 daAuts
